 Dungeon Crawl Stone Soup version 0.28.0 (webtiles) character file.

Game seed: 7423916541686608309

37 Findor the Cudgeller (level 3, 0/21 HPs)
             Began as a Gargoyle Gladiator on Feb 6, 2022.
             Slain by a gnoll (5 damage)
             ... on level 2 of the Dungeon.
             The game lasted 00:01:36 (1448 turns).

Findor the Cudgeller (Gargoyle Gladiator)           Turns: 1448, Time: 00:01:37

Health: 0/21       AC:  7    Str: 19    XL:     3   Next: 39%
Magic:  3/3        EV: 12    Int:  8    God:
Gold:   51         SH:  5    Dex: 11    Spells: 2/2 levels left

rFire   . . .      SeeInvis .   a - +0 flail
rCold   . . .      Faith    .   (no shield)
rNeg    + . .      Spirit   .   b - +0 leather armour
rPois   ∞          Reflect  +   c - +0 helmet
rElec   +          Harm     .   (no cloak)
rCorr   .          Rampage  .   (no gloves)
Will    .....                   (no boots)
Stlth   +.........              e - amulet of reflection
HPRegen 0.07/turn               (no ring)
MPRegen 0.08/turn               (no ring)

@: no status effects
A: sickness immunity, AC +3, negative energy resistance 1, electricity
resistance, torment resistance 1, petrification resistance
a: no special abilities


You were on level 2 of the Dungeon.
You visited 1 branch of the dungeon, and saw 3 of its levels.

You collected 51 gold pieces.


Innate Abilities, Weirdness & Mutations

You are immune to sickness and miasma.
Your stone body is resilient. (AC +3)
You are immune to poison.
You resist negative energy. (rN+)
You are resistant to electric shocks. (rElec)
You are resistant to unholy torment.
You are immune to petrification.


   Skills:
 - Level 2.1 Fighting
 + Level 4.3 Maces & Flails
 - Level 1.7 Throwing
 - Level 2.4 Dodging


You had 2 spell levels left.
You didn't know any spells.
Your spell library was empty.

Inventory:

Hand Weapons
 a - a +0 flail (weapon)
 j - the +7 rapier of the Lusting Asp {pain, rElec Int+3}
   (You found it on level 2 of the Dungeon)

   In the hands of one skilled in necromantic magic, it inflicts extra damage on
   living creatures.
   Int:       It affects your intelligence (+3).
   rElec:     It insulates you from electricity.
Missiles
 d - 3 throwing nets (quivered) {!f}
Armour
 b - a +0 leather armour (worn)
 c - a +0 helmet (worn)
Jewellery
 e - an amulet of reflection (around neck)
   (You found it on level 1 of the Dungeon)
Scrolls
 g - 2 scrolls of identify {unknown}
 h - a scroll of immolation {unknown}
 l - a scroll of magic mapping {unknown}
 n - a scroll of teleportation {unknown}
 p - a scroll of amnesia {unknown}
Potions
 f - a potion of brilliance {unknown}
 i - a potion of curing {unknown}
 k - 2 potions of attraction {unknown}
 m - a potion of might {unknown}
 o - a potion of ambrosia {unknown}


Message History

An adder is nearby!
The adder bites you.
You closely miss the adder. The adder bites you but does no damage.
You hit the adder. The adder bites you. The adder bites you but does no damage.
You closely miss the adder. The adder bites you but does no damage.
You closely miss the adder. The adder bites you but does no damage.
The adder misses you.
You sock the adder!
You kill the adder!
No target in view!
No target in view!
No target in view!
No target in view!
No target in view!
No target in view!
No target in view!
Found a stone staircase leading down.
You open the door.
There is an open door here.
There is an open door here.
There is an open door here.
Partly explored, can't reach some places.
Partly explored, can't reach some places.
There is an open door here.
There is a stone staircase leading down here.
You climb downwards.
The gnoll shouts!
There is a stone staircase leading up here.
A gnoll is nearby!
A gnoll comes into view. It is wielding a +0 whip.
The gnoll shouts!
A gnoll comes into view. It is wielding a +0 whip.
The gnoll shouts!
An endoplasm comes into view.
The endoplasm quivers.
You hit the gnoll. The gnoll barely misses you.
The gnoll hits you from afar with a +0 spear.
You barely miss the gnoll. The gnoll hits you but does no damage.
The gnoll hits you from afar with a +0 spear.
There is a stone staircase leading up here.
You sock the gnoll! You block the gnoll's attack.
The gnoll hits you with a +0 whip! You block the gnoll's attack.
The gnoll hits you from afar with a +0 spear.
* * * LOW HITPOINT WARNING * * *
You climb upwards.
There is a stone staircase leading down here.
You barely miss the gnoll. The gnoll closely misses you.
You barely miss the gnoll. The gnoll hits you with a +0 whip.
You die...

####### #......
##.#.### #.≈≈≈≈.#
#####≈#≈##..
#....≈#8≈#≈≈
#######.....≈≈≈##≈
####@g.........≈#≈≈≈.
#.............≈.#..≈.
#.............÷≈#≈..≈
#.............≈≈#_.≈.
#..............≈#≈≈.≈
#...........##≈≈≈≈≈..
#...........##≈#≈≈≈≈≈
#..........)##.#≈.#≈≈
####'##....###.≈8.#..


You could see a gnoll.

Vanquished Creatures
  An adder (D:2)
  A dart slug (D:1)
  A ball python (D:2)
  3 endoplasms
  3 giant cockroaches (D:1)
  2 goblins (D:1)
  A hobgoblin (D:2)
  4 jackals (D:2)
  3 bats
  A frilled lizard (D:2)
  A rat (D:2)
  A spectral hobgoblin (D:2)
22 creatures vanquished.

Notes
Turn   | Place    | Note
-------+----------+-------------------------------------------
     0 | D:1      | Findor the Gargoyle Gladiator began the quest for the Orb.
     0 | D:1      | Reached XP level 1. HP: 12/12 MP: 1/1
   610 | D:1      | Reached XP level 2. HP: 17/17 MP: 2/2
   940 | D:2      | Identified the +7 rapier of the Lusting Asp {pain, rElec
                  | Int+3}
   977 | D:2      | Reached skill level 4 in Maces & Flails
  1042 | D:2      | Found a faded altar of an unknown god.
  1058 | D:2      | Reached XP level 3. HP: 21/21 MP: 3/3
  1448 | D:2      | Slain by a gnoll

Levels and vault maps discovered:
D:1:      dpeg_arrival_lava_altar, layout_loops_ring
D:2:      kennysheep_big_flooded_room, layout_basic,
          dreamdust_ecumenical_altar_drowned_temple
D:3:      layout_loops_ring, kennysheep_boxes, uniq_grinder

Action                   || total
-------------------------++-------
Melee: Flail             ||    74
       Punch             ||     2
Armor: Leather armour    ||    20
Dodge: Dodged            ||    42
Block: Other             ||    16
